 Dungeon Crawl Stone Soup version 0.29-a0-1030-gf5f8719cae (webtiles) character file.

Game seed: 2070333648786594322

375 Drevant2 the Slasher (level 6, 0/44 HPs)
             Began as a Demonspawn Gladiator on Aug 14, 2022.
             Slain by an orc wizard
             ... wielding a +0 club
              (4 damage)
             ... on level 3 of the Dungeon.
             The game lasted 00:14:07 (8567 turns).

Drevant2 the Slasher (Demonspawn Gladiator)         Turns: 8567, Time: 00:14:07

Health: 0/44       AC:  1    Str: 12 (14) XL:     6   Next: 44%
Magic:  6/6        EV: 13    Int:  9 (10) God:
Gold:   312        SH:  4    Dex: 14 (16) Spells: 5/5 levels left

rFire   . . .      SeeInvis .   a - +1 long sword
rCold   . . .      Faith    .   (no shield)
rNeg    . . .      Spirit   .   (no body armour)
rPois   .          Reflect  .   (no helmet)
rElec   .          Harm     .   (no cloak)
rCorr   .          Rampage  .   j - +0 pair of gloves
Will    .....                   (no boots)
Stlth   ++........              (no amulet)
HPRegen 0.14/turn               (no ring)
MPRegen 0.20/turn               (no ring)

@: no status effects
A: large bone plates 1, demonic guardian 1, magic regeneration, weakness stinger
1, hooves 1
a: no special abilities


You were on level 3 of the Dungeon.
You visited 1 branch of the dungeon, and saw 5 of its levels.

You collected 312 gold pieces.

Inventory:

Hand Weapons
 a - a +1 long sword (weapon)
Missiles
 b - a javelin (quivered)
Armour
 j - a +0 pair of gloves (worn)
Wands
 c - a wand of flame (17)
Scrolls
 g - 7 scrolls of enchant weapon
 i - 2 scrolls of fog
Potions
 d - 3 potions of lignification


   Skills:
 - Level 2.0 Fighting
 - Level 6.1 Long Blades
 - Level 2.4 Throwing
 * Level 3.0 Dodging
 - Level 1.0 Stealth


You had 5 spell levels left.
You didn't know any spells.
Your spell library contained the following spells:

 Spells                   Type           Power      Damage    Failure   Level
 Sandblast                Erth           0%         2d4       38%         1
 Passwall                 Tmut/Erth      0%         N/A       52%         2
 Portal Projectile        Hex/Tloc       0%         N/A       77%         3
 Stone Arrow              Conj/Erth      0%         3d7       77%         3
 Tukima's Dance           Hex            0%         N/A       77%         3
 Blade Hands              Tmut           0%         N/A       100%        5


Dungeon Overview and Level Annotations

Branches:
Dungeon (5/15)
 Temple: D:4-7

Altars:
Sif Muna

Annotations:
D:4 Pikel


Innate Abilities, Weirdness & Mutations

You are partially covered in large bone plates. (SH +4)
A weak demonic guardian rushes to your aid.
You regenerate magic rapidly.
You have a small tail.
You have large cloven feet.


Message History

You feel sick.
You are no longer poisoned.
The orc wizard barely misses you. The orc misses you.
The orc wizard closely misses you.
The orc hits you with a +0 whip of venom.
You are poisoned.
You hit the orc. You kick the orc, but do no damage. You tail-slap the orc.
The orc is almost dead.
You feel very sick. The orc wizard barely misses you.
The orc completely misses you.
You hit the orc.
You kill the orc!
You feel very sick.
The orc wizard mumbles some strange words.
The orc wizard flickers and vanishes!
Deactivating autopickup; reactivate with Ctrl-A.
You feel sick. Something hits you.
* * * LOW HITPOINT WARNING * * *
Things that are here:
a +0 whip of venom; a +0 leather armour; an orc corpse You hit something.
Your kick misses something.
You feel sick.
You hear some strange, mumbled words.
Something tries to affect you, but you resist.
You closely miss something. Your kick misses something.
Your tail-slap misses something.
You feel sick.
You hear some strange, mumbled words.
A magic dart appears from out of thin air!
The magic dart hits you!
* * * LOW HITPOINT WARNING * * *
You hit something. Your kick misses something.
You feel sick. Something hits you.
* * * LOW HITPOINT WARNING * * *
You barely miss something. Your kick misses something.
You feel sick. Something hits you.
* * * LOW HITPOINT WARNING * * *
A demonic guardian appears!
You hit something.
You feel sick.
You are no longer poisoned.
Something hits you.
You die...

..##### ##### #.# ##+## ......#
#.# ##...## .####.# ###
#.###.....## #.###.#
##.###.##.......##
...##.########........[.......###
..............................'..
......########...##.#.........#.#
#.#.### ##..##.##.......##.#
###.# #.@{..###.....###.# #.#
#.5#### #....## #.# #.# #..#
#.#'## #.# #.# #..######.#.# #..
#.# #.........#.# ### #.#
#.#...#####.## # #.# #.....#
##...## # ###.# ###...# #.....# #
....# ##...####....## #


You could see a friendly shadow imp (summoned).

Vanquished Creatures
  2 lemures (D:3)
  A scorpion (D:4)
  An orc wizard (D:3)
  5 adders
  An ufetubus (D:4)
  A worm (D:2)
  A dart slug (D:1)
  6 orcs
  4 endoplasms
  A giant cockroach (D:1)
  3 hobgoblins
  6 jackals
  4 quokkas
  12 ball pythons
  4 bats
  6 frilled lizards
  5 goblins
  7 kobolds
  9 rats
79 creatures vanquished.

Vanquished Creatures (collateral kills)
  A bullfrog (D:4)
  A jelly (D:3)
  A hound (D:4)
  3 adders
  A ball python (D:3)
  An endoplasm (D:4)
  A hobgoblin (D:1)
  A quokka (D:3)
  A bat (D:2)
11 creatures vanquished.

Grand Total: 90 creatures vanquished

Notes
Turn   | Place    | Note
-------+----------+-------------------------------------------
     0 | D:1      | Drevant2 the Demonspawn Gladiator began the quest for the
                  | Orb.
     0 | D:1      | Reached XP level 1. HP: 16/16 MP: 1/1
   259 | D:1      | Reached skill level 3 in Long Blades
   491 | D:1      | Gained mutation: A weak demonic guardian rushes to your
                  | aid. [demonic ancestry]
   491 | D:1      | Reached XP level 2. HP: 21/22 MP: 2/2
   968 | D:1      | Found a faded altar of an unknown god.
  1522 | D:2      | Gained mutation: You are partially covered in large bone
                  | plates. (SH +4) [demonic ancestry]
  1522 | D:2      | Reached XP level 3. HP: 18/27 MP: 3/3
  1877 | D:2      | Reached skill level 4 in Long Blades
  2090 | D:2      | Reached skill level 1 in Stealth
  2562 | D:2      | Gained mutation: You regenerate magic rapidly. [demonic
                  | ancestry]
  2562 | D:2      | Reached XP level 4. HP: 19/33 MP: 4/4
  4691 | D:3      | Found a shimmering blue altar of Sif Muna.
  4700 | D:3      | Reached XP level 5. HP: 19/38 MP: 5/5
  4955 | D:4      | Reached skill level 5 in Long Blades
  5512 | D:4      | Gained mutation: You have large cloven feet. [potion of
                  | mutation]
  5525 | D:4      | Reached skill level 6 in Long Blades
  5525 | D:4      | Gained mutation: You have a small tail. [demonic ancestry]
  5525 | D:4      | Reached XP level 6. HP: 14/44 MP: 6/6
  7161 | D:5      | Entered Level 5 of the Dungeon
  7283 | D:4      | Noticed Pikel
  7327 | D:4      | HP: 2/44 [lemure[Pikel] (10)]
  8567 | D:3      | Slain by an orc wizard

Illustrated notes

Levels and vault maps discovered:
D:1:      dpeg_arrival_three_same_balls, layout_basic,
          shapermc_ecumenical_altar_mp_vishouse, dk_noncrumbling_2
D:2:      layout_rooms, minmay_cut_off
D:3:      layout_loops_corners, kennysheep_orc_sif_temple
D:4:      layout_basic, uniq_pikel
D:5:      layout_cave_pools, grunt_ministairs_1

Skill      XL: |  1  2  3  4  5  6 |
---------------+-------------------+-----
Long Blades    | 3 4 6 |  6.1
Stealth        | 1 |  1.0
Throwing       | 2 |  2.4
Dodging        | 3 |  3.0
Fighting       | |  2.0

Action                   |  1- 3 |  4- 6 || total
-------------------------+-------+-------++-------
Melee: Long sword        |   105 |   173 ||   278
       Punch             |       |     1 ||     1
       Kick              |       |    12 ||    12
       Tailslap          |       |     6 ||     6
Throw: Javelin           |     1 |     3 ||     4
  Use: Potion            |       |     8 ||     8
       Scroll            |       |     2 ||     2
 Stab: Sleeping          |     3 |     4 ||     7
       Distracted        |       |     1 ||     1
Armor: Skin              |       |    19 ||    19
Dodge: Dodged            |   109 |   105 ||   214
Block: Other             |    17 |    30 ||    47

Table legend: (Time is in decaauts)
 A = Elapsed time spent in this place.
 B = Non-inter-level travel time spent in this place.
 C = Inter-level travel time spent in this place.
 D = Time resting spent in this place.
 E = Time spent auto-exploring this place.
 F = Levels seen in this place.
 G = Mean time per level.
                   A        B        C        D        E       F      G
               +--------+--------+--------+--------+--------+-----+--------+
         Total |   8625 |   7388 |   1237 |   3639 |   2810 |   5 | 1725.0 |
       Dungeon |   8625 |   7388 |   1237 |   3639 |   2810 |   5 | 1725.0 |
               +--------+--------+--------+--------+--------+-----+--------+

Top non-repeatable levels by time:
     D:3: 3406 daAuts
     D:1: 1927 daAuts
     D:4: 1710 daAuts
     D:2: 1578 daAuts
     D:5: 1 daAuts
